 Dungeon Crawl Stone Soup version 0.17-a0-1479-g4041c36 (webtiles) character file.

102 mrath the Bolt Thrower (level 4, -1/39 HPs)
             Began as a Deep Dwarf Hunter on July 3, 2015.
             Slain by a worm (9 damage)
             ... on level 2 of the Dungeon.
             The game lasted 00:19:53 (1240 turns).

mrath the Bolt Thrower (Deep Dwarf Hunter)          Turns: 1240, Time: 00:19:53

Health: -1/39      AC:  3    Str: 15    XL:     4   Next: 50%
Magic:  4/4        EV: 12    Int: 12    God:
Gold:   62         SH:  0    Dex: 14    Spells: 0 memorised, 3 levels left

rFire  . . .     SeeInvis .     c - +0 short sword
rCold  . . .     Clarity  .     d - +0 leather armour
rNeg   . . .     SustAt   .     (no shield)
rPois  .         Gourm    .     (no helmet)
rElec  .         Spirit   .     (no cloak)
rCorr  .         Warding  .     (no gloves)
rMut   .         Stasis   .     (no boots)
MR     .....                    (no amulet)
Stlth  ++........               (no ring)
                                (no ring)

@: non-regenerating, not resistant to hostile enchantments, unstealthy
A: damage resistance, recharge devices, sense surroundings 1, slow healing 3
a: Device Recharging


You were on level 2 of the Dungeon.
You were not hungry.

You visited 1 branch of the dungeon, and saw 2 of its levels.

You collected 62 gold pieces.

Inventory:

Hand weapons
 a - a +1 hand crossbow
 c - a +0 short sword (weapon)
 j - a +0 whip
 m - a +0 quarterstaff
 q - a +0 club
 v - a +0 hunting sling
Missiles
 b - 36 bolts
 g - 31 arrows
 o - 52 stones (quivered)
 p - 16 poisoned needles
 t - 6 poisoned arrows
Armour
 d - a +0 leather armour (worn)
 h - a +0 leather armour
 i - a +0 scale mail
 r - a +0 robe
 s - a +0 pair of boots
Magical devices
 e - a wand of heal wounds (0)
Scrolls
 l - a scroll of identify
 n - a scroll of remove curse
Comestibles
 f - 2 bread rations
 u - a chunk of flesh


   Skills:
 + Level 2.1 Fighting
 + Level 0.5 Short Blades
 + Level 5.5 Crossbows
 + Level 1.5 Armour
 + Level 2.9 Dodging
 + Level 1.7 Stealth


You had 3 spell levels left.
You didn't know any spells.

Dungeon Overview and Level Annotations

Branches:
Dungeon (2/15)

Altars:
Ashenzari


Innate Abilities, Weirdness & Mutations

You are resistant to damage.
You can recharge devices by infusing magical energy.
You passively map a small area around you.
You do not heal naturally.


Message History

You hit the worm.
The worm is moderately wounded.
You barely miss the worm.
The worm is moderately wounded.
The worm closely misses you.
You hit the rat.
You kill the rat!
You barely miss the worm.
The worm is lightly wounded.
The worm barely misses you.
You hit the worm but do no damage.
The worm is lightly wounded.
The worm bites you!
* * * LOW HITPOINT WARNING * * *
You completely miss the worm.
The worm is lightly wounded.
You hit the worm but do no damage.
The worm is lightly wounded.
The worm bites you!
You die...

* ,
.........
......... *
.........
........##
* *
.......(.#
.......((#
......†w.#
*......)@.#
.........#
#.......##
##.....##
######


You could see a worm.

Vanquished Creatures
  Jessica (D:2)
  Natasha (D:2)
  3 adders
  An ooze (D:1)
  A worm (D:2)
  A giant gecko (D:2)
  A giant cockroach (D:1)
  A hobgoblin (D:2)
  2 jackals (D:1)
  3 bats
  A giant newt (D:1)
  2 goblins (D:1)
  3 rats
21 creatures vanquished.

Notes
Turn   | Place    | Note
--------------------------------------------------------------
     0 | D:1      | mrath the Deep Dwarf Hunter began the quest for the Orb.
     0 | D:1      | Reached XP level 1. HP: 19/19 MP: 1/1
   575 | D:1      | Reached XP level 2. HP: 12/26 MP: 2/2
   670 | D:1      | Reached skill level 5 in Crossbows
   959 | D:2      | Found a shattered altar of Ashenzari.
   963 | D:2      | Reached XP level 3. HP: 32/32 MP: 3/3
  1030 | D:2      | Noticed Jessica
  1045 | D:2      | Killed Jessica
  1045 | D:2      | Reached skill level 1 in Armour
  1045 | D:2      | Reached XP level 4. HP: 39/39 MP: 4/4
  1177 | D:2      | Noticed Natasha
  1228 | D:2      | Killed Natasha
  1240 | D:2      | Slain by a worm

Vault maps used:
D:1:      saegor_arrival_simple_e
D:2:      lemuel_round_altar, uniq_natasha, uniq_jessica

Action                   |  1- 3 |  4- 6 || total
-------------------------+-------+-------++-------
Melee: Short sword       |    31 |    60 ||    91
 Fire: Hand crossbow     |    27 |     4 ||    31
Evoke: Wand              |     1 |     4 ||     5
  Use: Scroll            |     4 |     1 ||     5
       Potion            |     2 |     1 ||     3
  Eat: Chunk             |       |     1 ||     1
